IL
ROUND ROCK EXPRESS @ TOLEDO MUD HENS
08/31/2049
 
TOP OF THE 1ST
Round Rock Express batting - Pitching for Toledo Mud Hens : RHP Ruben Arana
Pitching: RHP Ruben Arana
Batting: RHB Doug Hammertime 0-0: Ball
1-0: Called Strike
1-1: Ball
2-1: Ground out 4-3 (Groundball, 34, EV 91.2 MPH)
Batting: SHB Hans Mikkelsen 0-0: Ball
1-0: Foul Ball, location: 2F
1-1: Ball
2-1: Swinging Strike
2-2: Ball
3-2: Strikes out swinging
Batting: RHB Ryan Kinkead 0-0: Ball
1-0: Foul Ball, location: 2F
1-1: Foul Ball, location: 2F
1-2: Ball
2-2: Ground out 6-3 (Groundball, 6MD, EV 79.4 MPH)
Top of the 1st over - 0 runs, 0 hits, 0 errors, 0 left on base; Round Rock 0 - Toledo 0
BOTTOM OF THE 1ST
Toledo Mud Hens batting - Pitching for Round Rock Express : RHP Mike Powell
Pitching: RHP Mike Powell
Batting: LHB Bill Ford 0-0: Called Strike
0-1: Foul Ball, location: 2F
0-2: Ball
1-2: Fly out, F9 (Flyball, 9D, EV 101.2 MPH)
Batting: RHB Brandon O'Malley 0-0: Ball
1-0: Ball
2-0: Called Strike
2-1: Foul Ball, location: 2F
2-2: Ground out 6-3 (Groundball, 6, EV 81.2 MPH)
Batting: SHB Ross Holland 0-0: Ball
1-0: DOUBLE (Line Drive, 89XD, EV 101.9 MPH)
Batting: RHB John Evancho 0-0: Ground out 6-3 (Groundball, 6, EV 85.0 MPH)
Bottom of the 1st over - 0 runs, 1 hit, 0 errors, 1 left on base; Round Rock 0 - Toledo 0
TOP OF THE 2ND
Round Rock Express batting - Pitching for Toledo Mud Hens : RHP Ruben Arana
Batting: SHB Dan Lash 0-0: Ball
1-0: Ball
2-0: Foul Ball, location: 2F
2-1: Ball
3-1: Base on Balls
Batting: RHB Ivan Colon 0-0: Ball
1-0: Ball
2-0: Called Strike
2-1: Swinging Strike
2-2: Strikes out swinging
Batting: RHB Jonathan Rangel 0-0: Swinging Strike
0-1: Ball
1-1: Swinging Strike
1-2: Ball
2-2: Ball
3-2: Foul Ball, location: 2F
3-2: Fly out, F7 (Line Drive, 78M, EV 98.8 MPH)
Batting: RHB Jarrod Joyce 0-0: Swinging Strike
0-1: Ball
1-1: Foul Ball, location: 2F
1-2: Ball
2-2: Foul Ball, location: 2F
2-2: Ground out 4-3 (Groundball, 4, EV 86.9 MPH)
Top of the 2nd over - 0 runs, 0 hits, 0 errors, 1 left on base; Round Rock 0 - Toledo 0
BOTTOM OF THE 2ND
Toledo Mud Hens batting - Pitching for Round Rock Express : RHP Mike Powell
Batting: RHB Willis Morales 0-0: Ball
1-0: Called Strike
1-1: Fly out, F8 (Flyball, 78M, EV 86.2 MPH)
Batting: RHB Jerry Jauregui 0-0: Ball
1-0: Called Strike
1-1: Foul Ball, location: 2F
1-2: Strikes out swinging
Batting: RHB Sergio Zamora 0-0: Ball
1-0: Ball
2-0: Ball
3-0: Called Strike
3-1: Foul Ball, location: 2F
3-2: Base on Balls
Batting: RHB Josh Lyon 0-0: Ball
1-0: Ball
2-0: Foul Ball, location: 2F
2-1: Foul Ball, location: 2F
2-2: Foul Ball, location: 2F
2-2: Strikes out swinging
Bottom of the 2nd over - 0 runs, 0 hits, 0 errors, 1 left on base; Round Rock 0 - Toledo 0
TOP OF THE 3RD
Round Rock Express batting - Pitching for Toledo Mud Hens : RHP Ruben Arana
Batting: RHB Adryão Anto 0-0: Called Strike
0-1: Ground out 4-3 (Groundball, 4, EV 88.1 MPH)
Batting: RHB Jeremy Boerman 0-0: Ball
1-0: Foul Ball, location: 2F
1-1: Ball
2-1: Foul Ball, location: 2F
2-2: Foul Ball, location: 2F
2-2: Ground out 4-3 (Groundball, 4MS, EV 90.0 MPH)
Batting: RHB Doug Hammertime 0-0: Foul Ball, location: 2F
0-1: Foul Ball, location: 2F
0-2: Strikes out swinging
Top of the 3rd over - 0 runs, 0 hits, 0 errors, 0 left on base; Round Rock 0 - Toledo 0
BOTTOM OF THE 3RD
Toledo Mud Hens batting - Pitching for Round Rock Express : RHP Mike Powell
Batting: SHB Scott Bartholomew 0-0: Called Strike
0-1: Called Strike
0-2: Foul Ball, location: 2F
0-2: Ball
1-2: Ball
2-2: Foul Ball, location: 2F
2-2: Foul Ball, location: 2F
2-2: Ball
3-2: Strikes out swinging
Batting: LHB Bill Ford 0-0: Ball
1-0: Ball
2-0: Ball
3-0: Called Strike
3-1: Foul Ball, location: 2F
3-2: Base on Balls
Batting: RHB Brandon O'Malley 0-0: Ball
1-0: Grounds into double play, 6-4-3 (Groundball, 6, EV 93.1 MPH)
Bottom of the 3rd over - 0 runs, 0 hits, 0 errors, 0 left on base; Round Rock 0 - Toledo 0
TOP OF THE 4TH
Round Rock Express batting - Pitching for Toledo Mud Hens : RHP Ruben Arana
Batting: SHB Hans Mikkelsen 0-0: Ground out U3 (Groundball, 3, EV 101.9 MPH)
Batting: RHB Ryan Kinkead 0-0: Called Strike
0-1: Ground out U3 (Groundball, 3S, EV 85.0 MPH)
Batting: SHB Dan Lash 0-0: Called Strike
0-1: Ball
1-1: Called Strike
1-2: Ball
2-2: Strikes out looking
Top of the 4th over - 0 runs, 0 hits, 0 errors, 0 left on base; Round Rock 0 - Toledo 0
BOTTOM OF THE 4TH
Toledo Mud Hens batting - Pitching for Round Rock Express : RHP Mike Powell
Batting: SHB Ross Holland 0-0: Ball
1-0: Fly out, F8 (Line Drive, 8LM, EV 103.8 MPH)
Batting: RHB John Evancho 0-0: SINGLE (Groundball, 25, EV 63.8 MPH) (infield hit)
Batting: RHB Willis Morales 0-0: Ball
John Evancho is caught stealing 2nd base 2-4
1-0: Called Strike
1-1: Called Strike
1-2: Strikes out looking
Bottom of the 4th over - 0 runs, 1 hit, 0 errors, 0 left on base; Round Rock 0 - Toledo 0
TOP OF THE 5TH
Round Rock Express batting - Pitching for Toledo Mud Hens : RHP Ruben Arana
Batting: RHB Ivan Colon 0-0: Fly out, F5 (Popup, 5F, EV 53.1 MPH)
Batting: RHB Jonathan Rangel 0-0: Foul Ball, location: 2F
0-1: SINGLE (Line Drive, 8RS, EV 100.0 MPH)
Batting: RHB Jarrod Joyce 0-0: Ball
Jonathan Rangel is caught stealing 2nd base 2-4
1-0: Fly out, F5 (Line Drive, 5, EV 75.6 MPH)
Top of the 5th over - 0 runs, 1 hit, 0 errors, 0 left on base; Round Rock 0 - Toledo 0
BOTTOM OF THE 5TH
Toledo Mud Hens batting - Pitching for Round Rock Express : RHP Mike Powell
Batting: RHB Jerry Jauregui 0-0: Ball
1-0: Called Strike
1-1: Ball
2-1: SINGLE (Groundball, 6MD, EV 108.8 MPH)
Batting: RHB Sergio Zamora 0-0: Ball
1-0: Called Strike
1-1: Ball
2-1: Foul Ball, location: 2F
2-2: Strikes out swinging
Batting: RHB Josh Lyon 0-0: Called Strike
0-1: Called Strike
0-2: Fly out, F3 (Popup, 23, EV 87.5 MPH)
Batting: SHB Scott Bartholomew 0-0: Ball
Jerry Jauregui steals 2nd base
1-0: Fly out, F9 (Flyball, 9, EV 86.9 MPH)
Bottom of the 5th over - 0 runs, 1 hit, 0 errors, 1 left on base; Round Rock 0 - Toledo 0
TOP OF THE 6TH
Round Rock Express batting - Pitching for Toledo Mud Hens : RHP Ruben Arana
Batting: RHB Adryão Anto 0-0: Called Strike
0-1: Ball
1-1: Foul Ball, location: 2F
1-2: Strikes out swinging
Batting: RHB Jeremy Boerman 0-0: Ground out 6-3 (Groundball, 6, EV 93.1 MPH)
Batting: RHB Doug Hammertime 0-0: Ball
1-0: Ball
2-0: Foul Ball, location: 2F
2-1: Called Strike
2-2: Foul Ball, location: 2F
2-2: Foul Ball, location: 2F
2-2: Foul Ball, location: 2F
2-2: Ball
3-2: Foul Ball, location: 2F
3-2: Ground out 6-3 (Groundball, 6S, EV 90.6 MPH)
Top of the 6th over - 0 runs, 0 hits, 0 errors, 0 left on base; Round Rock 0 - Toledo 0
BOTTOM OF THE 6TH
Toledo Mud Hens batting - Pitching for Round Rock Express : RHP Mike Powell
Batting: LHB Bill Ford 0-0: Called Strike
0-1: Fly out, F8 (Line Drive, 89M, EV 90.0 MPH)
Batting: RHB Brandon O'Malley 0-0: Called Strike
0-1: SINGLE (Groundball, 34D, EV 102.5 MPH)
Batting: SHB Ross Holland 0-0: Ball
1-0: Fielders Choice at 2nd, 6-4 (Groundball, 6, EV 85.0 MPH)
Batting: RHB John Evancho 0-0: Ball
1-0: Foul Ball, location: 2F
1-1: Called Strike
1-2: Ball
2-2: Ball
3-2: Foul Ball, location: 2F
3-2: Foul Ball, location: 2F
3-2: Fly out, F6 (Flyball, 56D, EV 85.0 MPH)
Bottom of the 6th over - 0 runs, 1 hit, 0 errors, 1 left on base; Round Rock 0 - Toledo 0
TOP OF THE 7TH
Round Rock Express batting - Pitching for Toledo Mud Hens : RHP Ruben Arana
Batting: SHB Hans Mikkelsen 0-0: Fly out, F7 (Flyball, 78M, EV 91.2 MPH)
Batting: RHB Ryan Kinkead 0-0: Ball
1-0: Ball
2-0: Foul Ball, location: 2F
2-1: Foul Ball, location: 2F
2-2: Strikes out swinging
Batting: SHB Dan Lash 0-0: Called Strike
0-1: Foul Ball, location: 2F
0-2: DOUBLE (Line Drive, 89D, EV 109.4 MPH)
Pinch Runner at 2nd Noah Stanley:
Batting: RHB Ivan Colon 0-0: SINGLE (Groundball, 56D, EV 107.5 MPH)
Noah Stanley to third
Runner from 3rd tries for Home, SAFE, throw by LF to home
Batting: RHB Jonathan Rangel 0-0: Called Strike
0-1: Ball
1-1: Foul Ball, location: 2F
1-2: Foul Ball, location: 2F
1-2: Ball
2-2: Strikes out swinging
Top of the 7th over - 1 run, 2 hits, 0 errors, 1 left on base; Round Rock 1 - Toledo 0
BOTTOM OF THE 7TH
Toledo Mud Hens batting - Pitching for Round Rock Express : RHP Mike Powell
Now at 1B: Ryan Kinkead
Now at 2B: Noah Stanley
Batting: RHB Willis Morales 0-0: Ball
1-0: Swinging Strike
1-1: Called Strike
1-2: Fly out, F7 (Flyball, 7, EV 89.4 MPH)
Batting: RHB Jerry Jauregui 0-0: Ball
1-0: Ball
2-0: Ball
3-0: Called Strike
3-1: Called Strike
3-2: Base on Balls
Batting: RHB Sergio Zamora 0-0: Ball
1-0: Ground out 6-3 (Groundball, 6M, EV 107.5 MPH)
Jerry Jauregui to second
Batting: RHB Josh Lyon 0-0: Ball
1-0: Ball
2-0: Called Strike
2-1: Ball
3-1: Swinging Strike
3-2: Ground out 5-3 (Groundball, 56, EV 103.1 MPH)
Bottom of the 7th over - 0 runs, 0 hits, 0 errors, 1 left on base; Round Rock 1 - Toledo 0
TOP OF THE 8TH
Round Rock Express batting - Pitching for Toledo Mud Hens : RHP Ruben Arana
Batting: RHB Jarrod Joyce 0-0: Foul Ball, location: 2F
0-1: Swinging Strike
0-2: Ball
1-2: Ball
2-2: Ball
3-2: Base on Balls
Batting: RHB Adryão Anto 0-0: Swinging Strike
0-1: Ball
1-1: Ball
Jarrod Joyce is caught stealing 2nd base 2-4
2-1: Ball
3-1: Foul Ball, location: 2F
3-2: Base on Balls
Pitching: RHP Dan Keener
Batting: RHB Jeremy Boerman 0-0: Swinging Strike
0-1: Ball
1-1: Ball
2-1: Foul Ball, location: 2F
2-2: Strikes out looking
Batting: RHB Doug Hammertime 0-0: Ball
1-0: Ball
2-0: Ball
3-0: Called Strike
3-1: Called Strike
3-2: Foul Ball, location: 2F
3-2: Foul Ball, location: 2F
3-2: Fly out, F8 (Flyball, 8RXD, EV 103.8 MPH)
Top of the 8th over - 0 runs, 0 hits, 0 errors, 1 left on base; Round Rock 1 - Toledo 0
BOTTOM OF THE 8TH
Toledo Mud Hens batting - Pitching for Round Rock Express : RHP Mike Powell
Pitching: LHP Dylan Batstone
Batting: SHB Scott Bartholomew 0-0: SINGLE (Groundball, 4, EV 99.4 MPH)
Batting: LHB Bill Ford 0-0: Ball
1-0: Ball
2-0: Bunt missed!
2-1: Sac Bunt to 3S - play at first, batter OUT! 3-1
Scott Bartholomew to second
Batting: RHB Brandon O'Malley 0-0: Foul Ball, location: 2F
0-1: Ball
1-1: Ground out 4-3 (Groundball, 4, EV 80.6 MPH)
Scott Bartholomew to third
Batting: SHB Ross Holland 0-0: Ground out 5-3 (Groundball, 56, EV 98.1 MPH)
Bottom of the 8th over - 0 runs, 1 hit, 0 errors, 1 left on base; Round Rock 1 - Toledo 0
TOP OF THE 9TH
Round Rock Express batting - Pitching for Toledo Mud Hens : RHP Dan Keener
Batting: SHB Hans Mikkelsen 0-0: Called Strike
0-1: Swinging Strike
0-2: Strikes out swinging
Batting: RHB Ryan Kinkead 0-0: Foul Ball, location: 2F
0-1: Ball
1-1: SOLO HOME RUN (Flyball, 78XD, EV 106.9 MPH), Distance : 421 ft
Batting: RHB Noah Stanley 0-0: Called Strike
0-1: Swinging Strike
0-2: Foul Ball, location: 2F
0-2: Ball
1-2: Foul Ball, location: 2F
1-2: Strikes out looking
Batting: RHB Ivan Colon 0-0: Called Strike
0-1: Ball
1-1: Called Strike
1-2: Strikes out swinging
Top of the 9th over - 1 run, 1 hit, 0 errors, 0 left on base; Round Rock 2 - Toledo 0
BOTTOM OF THE 9TH
Toledo Mud Hens batting - Pitching for Round Rock Express : LHP Dylan Batstone
Pitching: RHP Danny Romero
Batting: RHB John Evancho 0-0: Ball
1-0: Foul Ball, location: 2F
1-1: Swinging Strike
1-2: Ball
2-2: Ball
3-2: Strikes out swinging, 2-3 out at first.
Batting: RHB Willis Morales 0-0: SINGLE (Groundball, 34D, EV 100.0 MPH)
Batting: RHB Jerry Jauregui 0-0: Grounds into double play, 4-6-3 (Groundball, 4MS, EV 90.6 MPH)
Bottom of the 9th over - 0 runs, 1 hit, 0 errors, 0 left on base; Round Rock 2 - Toledo 0
Sunday, July 16th , 2023 - OOTP Baseball 24.6 Build 69